 Dungeon Crawl Stone Soup version 0.28.0 (webtiles) character file.

Game seed: 1762792138749028922

408 mathmaestro the Shield-Bearer (level 6, 0/40 HPs)
             Began as a Gargoyle Fighter on Feb 8, 2022.
             Slain by Pikel (5 damage)
             ... on level 4 of the Dungeon.
             The game lasted 00:06:40 (4834 turns).

mathmaestro the Shield-Bearer (Gargoyle Fighter)    Turns: 4834, Time: 00:06:41

Health: 0/40       AC: 12    Str: 21    XL:     6   Next: 88%
Magic:  6/6        EV:  9    Int:  9    God:
Gold:   79         SH:  4    Dex:  9    Spells: 5/5 levels left

rFire   . . .      SeeInvis .   a - +0 flail
rCold   . . .      Faith    .   c - +0 buckler
rNeg    + . .      Spirit   .   b - +0 scale mail
rPois   ∞          Reflect  .   (no helmet)
rElec   +          Harm     .   k - +0 cloak
rCorr   .          Rampage  .   (no gloves)
Will    .....                   (no boots)
Stlth   +.........              (no amulet)
HPRegen 0.13/turn               j - ring "Gurphout" {Fly Stlth+}
MPRegen 0.10/turn               (no ring)

@: mighty, flying
A: sickness immunity, AC +4, negative energy resistance 1, electricity
resistance, torment resistance 1, petrification resistance
a: no special abilities


You were on level 4 of the Dungeon.
You visited 1 branch of the dungeon, and saw 4 of its levels.

You collected 79 gold pieces.

Inventory:

Hand Weapons
 a - a +0 flail (weapon)
Armour
 b - a +0 scale mail (worn)
 c - a +0 buckler (worn)
 k - a +0 cloak (worn)
Jewellery
 e - a ring of fire
 j - the ring "Gurphout" (left hand) {Fly Stlth+}
   (You found it on level 3 of the Dungeon)

   [ring of flight]

   Fly:       It grants you flight.
   Stlth:     It makes you more stealthy.
Scrolls
 f - 4 scrolls of identify {unknown}
 g - 2 scrolls of immolation {unknown}
 i - a scroll of fog {unknown}
 m - a scroll of fear {unknown}
 o - a scroll of silence {unknown}
Potions
 h - a potion of lignification {unknown}
 l - a potion of berserk rage {unknown}
 n - a potion of haste {unknown}


   Skills:
 + Level 4.9 Fighting
 + Level 3.9 Maces & Flails
 + Level 4.9 Armour
 + Level 5.0 Shields


You had 5 spell levels left.
You didn't know any spells.
Your spell library was empty.

Dungeon Overview and Level Annotations

Branches:
Dungeon (4/15)
 Temple: D:4-7

Altars:
Makhleb
Ru
Wu Jian
Zin

Annotations:
D:4 Pikel


Innate Abilities, Weirdness & Mutations

You are immune to sickness and miasma.
Your stone body is resilient. (AC +4)
You are immune to poison.
You resist negative energy. (rN+)
You are resistant to electric shocks. (rElec)
You are resistant to unholy torment.
You are immune to petrification.


Message History

You closely miss Pikel.
Pikel is lightly wounded.
The orc priest mumbles some strange prayers to Beogh against you.
Beogh smites you! Pikel barely misses you.
You barely miss Pikel.
Pikel is lightly wounded.
You block Pikel's attack.
You feel very mighty all of a sudden.
Pikel hits you with a +0 whip of flaming.
Pikel burns you.
An endoplasm comes into view.
An orc comes into view. It is wielding a +0 hand axe.
You closely miss Pikel.
Pikel is lightly wounded.
The endoplasm quivers.
Pikel barely misses you.
Pikel hits you with a +0 whip of flaming.
Pikel burns you.
You barely miss Pikel.
Pikel is lightly wounded.
Pikel hits you with a +0 whip of flaming.
* * * LOW HITPOINT WARNING * * *
Pikel burns you.
* * * LOW HITPOINT WARNING * * *
You miss Pikel.
Pikel is lightly wounded.
The orc priest looks encouraged for a moment.
The orc wizard gestures wildly while chanting.
The orc wizard flickers and vanishes!
Deactivating autopickup; reactivate with Ctrl-A.
Pikel waves his whip at you.
Pikel hits you with a +0 whip of flaming.
* * * LOW HITPOINT WARNING * * *
Pikel burns you.
* * * LOW HITPOINT WARNING * * *
You barely miss Pikel.
Pikel is lightly wounded.
Pikel closely misses you.
Pikel hits you with a +0 whip of flaming.
You die...

#########
#######.......###
........)........
#######@#<..#.###
#K###......
#########5###......
........5Ko........
.........{J........
................###
................#
................#
................#


You could see Pikel, 2 lemures, an orc priest, an endoplasm and a kobold.

Vanquished Creatures
  Grinder (D:3)
  2 lemures (D:3)
  An orc priest (D:2)
  Crazy Yiuf (D:2)
  An orc wizard (D:2)
  3 gnolls
  2 adders
  5 dart slugs
  4 orcs
  9 endoplasms
  4 giant cockroaches
  9 goblins
  5 hobgoblins
  3 jackals (D:1)
  6 kobolds
  2 quokkas (D:1)
  7 ball pythons
  7 bats
  3 frilled lizards
  3 rats
  A spectral goblin (D:2)
79 creatures vanquished.

Notes
Turn   | Place    | Note
-------+----------+-------------------------------------------
     0 | D:1      | mathmaestro the Gargoyle Fighter began the quest for the
                  | Orb.
     0 | D:1      | Reached XP level 1. HP: 14/14 MP: 1/1
   284 | D:1      | Reached XP level 2. HP: 19/19 MP: 2/2
   636 | D:1      | Reached XP level 3. HP: 18/23 MP: 3/3
  1349 | D:2      | Reached XP level 4. HP: 20/29 MP: 4/4
  1507 | D:2      | Found a runed translucent door.
  1508 | D:2      | Noticed Crazy Yiuf
  1514 | D:2      | Killed Crazy Yiuf
  1515 | D:2      | Reached skill level 4 in Shields
  1867 | D:2      | Found a faded altar of an unknown god.
  2030 | D:2      | Found an ornate altar of the Wu Jian Council.
  2510 | D:2      | Reached XP level 5. HP: 4/33 MP: 5/5
  3233 | D:3      | Found a burning altar of Makhleb.
  3237 | D:3      | Found a glowing silver altar of Zin.
  3237 | D:3      | Noticed an angel
  3238 | D:3      | Noticed a blizzard demon
  3430 | D:3      | Noticed Grinder
  3438 | D:3      | Paralysed by Grinder for 3 turns
  3533 | D:3      | Paralysed by Grinder for 2 turns
  3542 | D:3      | Killed Grinder
  3543 | D:3      | Reached XP level 6. HP: 15/40 MP: 6/6
  3746 | D:3      | Found a sacrificial altar of Ru.
  3757 | D:3      | Identified the ring "Gurphout" {Fly Stlth+}
  4078 | D:3      | HP: 2/40 [gnoll (7)]
  4080 | D:3      | Reached skill level 5 in Shields
  4388 | D:4      | Noticed Pikel
  4834 | D:4      | Slain by Pikel

Illustrated notes

Levels and vault maps discovered:
D:1:      minmay_arrival_nine_rooms, layout_basic
D:2:      layout_loops_ring, basic_altar,
          dreamdust_ecumenical_altar_drowned_temple, nrook_loot_triangle,
          uniq_crazy_yiuf_cottage
D:3:      layout_loops_ring, grunt_temple_overflow_order_and_chaos_2,
          nicolae_ru_sacrificial_ziggurat, uniq_grinder
D:4:      layout_basic, uniq_edmund, uniq_ijyb, uniq_pikel

Skill      XL: |  1  2  3  4  5  6 |
---------------+-------------------+-----
Fighting       | 4 |  4.9
Armour         | 4 |  4.9
Shields        | 4 5 |  5.0
Maces & Flails | 3 |  3.9

Action                   |  1- 3 |  4- 6 || total
-------------------------+-------+-------++-------
Melee: Flail             |   127 |   230 ||   357
  Use: Potion            |       |     3 ||     3
Armor: Scale mail        |    75 |   140 ||   215
Dodge: Dodged            |    76 |   106 ||   182
Block: Buckler           |    37 |    46 ||    83
